 Dungeon Crawl Stone Soup version 0.32-a0-520-g344ed53f66 (webtiles) character file.

Game seed: 14194477443879609214

6333 javelincjr the Changeling (level 10, -5/74 HPs)
             Began as a Demonspawn Warper on Feb 27, 2024.
             Was a Believer of Beogh.
             Killed by divine providence
             ... invoked by a smoke demon
             ... summoned by an orc high priest
              (15 damage)
             ... in a bailey.
             The game lasted 00:44:59 (9152 turns).

javelincjr the Changeling (Demonspawn Warper)       Turns: 9152, Time: 00:45:00

Health: -5/74      AC:  9    Str: 14    XL:     10   Next: 64%
Magic:  20/20      EV: 18    Int: 18    God:    Beogh [**....]
Gold:   517        SH:  5    Dex: 18    Spells: 14/22 levels left

rFire   + . .        O - +5 quarterstaff (chaos)
rCold   . . .        (shield currently unavailable)
rNeg    . . .        e - +0 ring mail
rPois   .            l - +1 hat
rElec   +            j - +0 cloak
rCorr   +            (no gloves)
SInv    .            (no boots)
Will    .....        P - amulet of Syuzobboc {Reflect ^Fragile rElec rF+ rCorr SH+5}
Stlth   +            i - +5 ring of evasion
HPRegen 0.32/turn    H - +6 ring of dexterity
MPRegen 0.17/turn

%: reflection
@: hasted, very quick
A: hooves 2, horns 1, weakness stinger 2, iridescent scales 1, clever 1
a: Renounce Religion, Smiting


You were in a bailey.
You worshipped Beogh.
Beogh was pleased with you.
You visited 1 branch of the dungeon, and saw 9 of its levels.
You also visited: Sewer and Bailey.

You collected 517 gold pieces.

Inventory:

Hand Weapons
 a - a +0 spear
 f - a +0 war axe
 r - a +0 sling
 u - a +2 short sword of draining
 C - a +0 sling
 O - a +5 quarterstaff of chaos (weapon)
Missiles
 d - 12 darts of dispersal
 p - 24 poisoned darts (quivered)
 q - 2 javelins
 v - 4 atropa-tipped darts
 F - 8 boomerangs
 Q - 4 curare-tipped darts
Armour
 b - a +0 leather armour
 e - a +0 ring mail (worn)
 j - a +0 cloak (worn)
 l - a +1 hat (worn)
 E - a +0 helmet of see invisible
 S - a +0 buckler
Jewellery
 g - a ring of protection from fire
 i - a +5 ring of evasion (left hand)
 o - an amulet of the acrobat
 H - a +6 ring of dexterity (right hand)
 L - a ring of fire
 P - the amulet of Syuzobboc (around neck) {Reflect ^Fragile rElec rF+ rCorr SH+5}
   (You acquired it in a bailey)

   [amulet of reflection]

   Reflect:   It reflects blocked missile attacks.
   rF+:       It protects you from fire.
   rElec:     It insulates you from electricity.
   rCorr:     It protects you from acid and corrosion.
   ^Fragile:  It will be destroyed if unequipped.
   SH+5:      It affects your SH (+5).
Talismans
 x - a dragon-blood talisman
Wands
 B - a wand of mindburst (15)
 I - a wand of light (21)
 M - a wand of roots (14)
 R - a wand of polymorph (9)
Scrolls
 c - 2 scrolls of blinking
 m - 4 scrolls of amnesia
 n - a scroll of vulnerability {unknown}
 s - 2 scrolls of fear
 w - 2 scrolls of poison {unknown}
 y - 5 scrolls of teleportation
 A - a scroll of noise {unknown}
 D - a scroll of brand weapon {unknown}
 J - a scroll of revelation
 K - a scroll of fog {unknown}
Potions
 h - a potion of enlightenment
 k - 2 potions of resistance
 t - 4 potions of curing
 z - a potion of might
 G - 3 potions of haste
 N - 2 potions of degeneration


   Skills:
 - Level 5.0 Fighting
 - Level 2.6 Polearms
 - Level 0.8 Throwing
 - Level 1.9 Armour
 - Level 4.5 Dodging
 + Level 4.4 Unarmed Combat
 + Level 6.6 Spellcasting
 + Level 6.8 Translocations
 * Level 7.9 Shapeshifting


You had 14 spell levels left.
You knew the following spells:

 Your Spells              Type           Power      Damage    Failure   Level
a - Blink                 Tloc           60%        N/A       1%          2
b - Lesser Beckoning      Tloc           60%        N/A       1%          2
c - Manifold Assault      Tloc           30%        N/A       13%         4

Your spell library contained the following spells:

 Spells                   Type           Power      Damage    Failure   Level
 Teleport Other           Tloc           30%        N/A       4%          3
 Volatile Blastmotes      Fire/Tloc      36%        2d13      16%         3
 Slow                     Hex            24%        N/A       22%         1
 Vhi's Electric Charge    Tloc/Air       36%        N/A       47%         4
 Confusing Touch          Hex            6%         N/A       54%         3
 Dazzling Flash           Conj/Hex       12%        N/A       54%         3
 Sigil of Binding         Hex            6%         N/A       54%         3
 Vampiric Draining        Necr           6%         2d6       54%         3
 Starburst                Conj/Fire      3%         6d3       100%        6
 Maxwell's Capacitive Co  Air            3%         ∞         100%        8


Dungeon Overview and Level Annotations

Branches:
Dungeon (9/15)             Temple (0/1) D:5            Lair (0/5) D:8
  Sewer (visited)          Bailey (1/1)
    Orc: D:9-12

Altars:
Ashenzari
Makhleb
Nemelex Xobeh
Uskayaw
Xom
Yredelemnul

Shops:
D:4 ?


Innate Abilities, Weirdness & Mutations

Your facial features look somewhat orcish.
You have hoof-like feet.
You have a pair of small horns on your head.
You have a tail ending in a sharp stinger.
You are partially covered in iridescent scales. (AC +2)
Your mind is acute. (Int +4, Str/Dex -1)


Message History

The orc high priest is lightly wounded.
The orc warrior completely misses you.
The orc high priest invokes the aid of Beogh against you.
Beogh smites you!
You thump the orc high priest!
The orc high priest appears confused.
You kick the orc high priest, but do no damage.
You headbutt the orc high priest, but do no damage.
The orc high priest is moderately wounded.
The orc warrior closely misses you.
The orc high priest hits the sun demon with a +0 war axe.
The orc high priest hits you but does no damage.
The orc high priest hits the smoke demon with a +0 war axe!
The orc high priest closely misses you.
The orc high priest completely misses itself.
The orc warrior closely misses you.
You hit the orc high priest. You burn the orc high priest.
The orc high priest is moderately wounded.
The orc warrior barely misses you.
You catch the helpless orc high priest completely off-guard!
You sock the orc high priest!
You kick the orc high priest, but do no damage.
The orc high priest is severely wounded.
The orc warrior hits you with a +0 war axe!
The orc warrior barely misses you.
The sun demon attacks as it pursues you!
The sun demon hits you!
You are engulfed in flames.
You resist.
The orc high priest hits the orc warrior with a +0 war axe!
You feel yourself speed up. You block the sun demon's attack.
The orc high priest hits the orc warrior but does no damage.
The sun demon attacks as it pursues you!
You block the sun demon's attack. The smoke demon gestures at you.
Beogh smites you!
* * * LOW HITPOINT WARNING * * *
The sun demon attacks as it pursues you!
You block the sun demon's attack. The smoke demon gestures at you.
Beogh smites you!
You die...
Beogh appreciates the smoke demon's killing of a heretic priest.

≈≈≈≈~.#..# #...# #..#.~≈≈≈≈≈≈
≈≈≈≈~.#..# #.3.# #).#.~≈≈≈≈≈≈
≈≈≈≈~.#..## #ß.ß# ##..#.~≈≈≈≈≈≈
≈≈≈≈~.#..#. #.o.# .#..#.÷≈≈≈≈≈≈
≈≈≈≈#'#'##'###ßoß###'##)#'#≈≈≈≈≈≈
≈≈≈≈#....#[[.#...#.!?#..[.#≈≈≈≈≈≈
≈≈≈≈#....#[[.#.3.#.??#....#≈≈≈≈≈≈
≈≈≈≈###..######.######..###≈≈≈≈≈≈
≈≈≈≈#.'..).....∩@.......'.#≈≈≈≈≈≈
≈≈≈≈######))~~~~~~~~~######≈≈≈≈≈≈
≈≈≈≈≈≈≈≈≈≈≈≈≈≈≈≈≈≈≈≈≈≈≈≈≈≈≈≈≈≈≈≈≈
≈≈≈≈≈≈≈≈≈≈≈≈≈≈≈≈≈≈≈≈≈≈≈≈≈
≈≈≈≈≈≈≈≈≈≈≈≈≈≈≈≈≈≈≈≈≈≈≈≈≈
≈≈≈≈≈≈≈≈≈≈≈≈≈≈≈≈≈≈≈≈≈≈≈≈≈
≈≈≈≈≈≈≈≈≈≈≈≈≈≈≈≈≈≈≈≈≈≈≈≈≈
#########################


You could see an orc high priest (confused), a sun demon (summoned), a smoke
demon (summoned) and an orc warrior.

Vanquished Creatures
  2 two-headed ogres
  An orc high priest (Bailey)
  Pikel (D:7)
  A hornet (D:8)
  A wyvern (D:7)
  2 steam dragons
  A water moccasin (D:5)
  8 orc warriors
  A sky beast (D:7)
  An ice beast (D:5)
  An ogre (D:6)
  A black bear (D:5)
  A kobold brigand (D:7)
  8 bullfrogs
  2 gnoll sergeants
  A scorpion (D:4)
  3 killer bees (D:9)
  A bombardier beetle (D:6)
  6 electric eels (Bailey)
  Crazy Yiuf (D:7)
  3 gnoll boudas
  4 hounds
  3 jellies
  An orc priest (D:4)
  2 iguanas
  8 orc wizards
  18 adders
  24 gnolls
  3 river rats (Sewer)
  A shadow imp (D:5)
  A dart slug (D:4)
  2 ribbon worms (D:2)
  20 orcs
  13 bats
  11 endoplasms
  3 giant cockroaches
  15 goblins
  14 hobgoblins
  10 jackals
  13 kobolds
  6 quokkas
  14 ball pythons
  4 frilled lizards
  22 rats
  A spectral hobgoblin (D:1)
260 creatures vanquished.

Vanquished Creatures (collateral kills)
  A gnoll (D:8)
  A goblin (Bailey)
  A hobgoblin (Bailey)
3 creatures vanquished.

Vanquished Creatures (others)
  A gnoll (D:8)
  An orc (Bailey)
2 creatures vanquished.

Grand Total: 265 creatures vanquished

Notes
Turn   | Place    | Note
-------+----------+-------------------------------------------
     0 | D:1      | javelincjr the Demonspawn Warper began the quest for the
                  | Orb.
     0 | D:1      | Reached XP level 1. HP: 16/16 MP: 3/3
   113 | D:1      | Reached skill level 1 in Armour
   134 | D:1      | Found a faded altar of an unknown god.
   180 | D:1      | Discovered your monstrous ancestry.
   180 | D:1      | Gained mutation: You have large cloven feet. [demonic
                  | ancestry]
   180 | D:1      | Reached XP level 2. HP: 15/22 MP: 5/5
   183 | D:1      | Learned a level 2 spell: Blink
   186 | D:1      | Learned a level 2 spell: Lesser Beckoning
   770 | D:1      | Reached XP level 3. HP: 27/27 MP: 6/6
  1085 | D:2      | Gained mutation: You have a small tail. [demonic ancestry]
  1085 | D:2      | Reached XP level 4. HP: 33/34 MP: 7/7
  1663 | D:3      | Reached XP level 5. HP: 29/39 MP: 9/9
  1678 | D:3      | Found a broken altar of Ashenzari.
  1703 | D:3      | Found a shimmering altar of Xom.
  1703 | D:3      | Found a hide-covered altar of Uskayaw.
  1716 | D:3      | Found a basalt altar of Yredelemnul.
  1719 | D:3      | Found a sparkling altar of Nemelex Xobeh.
  2115 | D:4      | Reached skill level 1 in Shapeshifting
  2307 | D:4      | Gained mutation: You have hoof-like feet. [demonic
                  | ancestry]
  2307 | D:4      | Reached XP level 6. HP: 46/47 MP: 10/10
  2322 | D:4      | Found a burning altar of Makhleb.
  2711 | D:4      | Reached skill level 2 in Shapeshifting
  2938 | D:4      | Found The Oracle's Delphic Readings.
  3165 | D:5      | Entered Level 5 of the Dungeon
  3211 | D:5      | Reached XP level 7. HP: 47/52 MP: 10/12
  3510 | D:5      | Found a staircase to the Ecumenical Temple.
  3528 | D:5      | Reached skill level 3 in Shapeshifting
  3935 | D:5      | Reached XP level 8. HP: 59/60 MP: 13/13
  4039 | D:5      | Noticed a troll
  4197 | D:5      | Noticed a two-headed ogre
  4212 | D:5      | Killed a two-headed ogre
  4213 | D:5      | Reached skill level 4 in Shapeshifting
  4551 | D:6      | Found a glowing drain.
  4567 | Sewer    | Entered a sewer
  4891 | Sewer    | Gained mutation: Your mind is acute. (Int +4, Str/Dex -1)
                  | [potion of mutation]
  4891 | Sewer    | Gained mutation: You are partially covered in iridescent
                  | scales. (AC +2) [potion of mutation]
  4992 | Sewer    | Reached skill level 5 in Fighting
  4992 | Sewer    | Reached skill level 5 in Shapeshifting
  5221 | D:6      | Gained mutation: You have a tail ending in a sharp stinger.
                  | [demonic ancestry]
  5221 | D:6      | Reached XP level 9. HP: 60/68 MP: 16/16
  5437 | D:6      | Reached skill level 5 in Translocations
  5547 | D:7      | Became a worshipper of Beogh the Shepherd
  5590 | D:7      | Noticed Pikel
  5604 | D:7      | Killed Pikel
  5605 | D:7      | Reached skill level 1 in Unarmed Combat
  5605 | D:7      | Reached skill level 5 in Spellcasting
  5901 | D:7      | Reached skill level 6 in Shapeshifting
  5952 | D:7      | Found a runed translucent door.
  5953 | D:7      | Noticed Crazy Yiuf
  5961 | D:7      | Learned a level 4 spell: Manifold Assault
  5965 | D:7      | Killed Crazy Yiuf
  6760 | D:8      | Reached * piety under Beogh
  6968 | D:8      | Found a staircase to the Lair.
  7428 | D:8      | Gained mutation: You have a pair of small horns on your
                  | head. [demonic ancestry]
  7428 | D:8      | Reached XP level 10. HP: 66/74 MP: 18/18
  7533 | D:8      | Noticed a two-headed ogre
  7544 | D:8      | Killed a two-headed ogre
  7545 | D:8      | Reached skill level 7 in Shapeshifting
  8201 | D:9      | Found a flagged portal.
  8205 | D:9      | Reached ** piety under Beogh
  8223 | Bailey   | Entered a bailey
  8608 | Bailey   | Noticed an orc high priest
  8631 | Bailey   | Killed an orc high priest
  8913 | Bailey   | Acquired the amulet of Syuzobboc {Reflect ^Fragile rElec
                  | rF+ rCorr SH+5}
  9133 | Bailey   | Found an iron altar of Okawaru.
  9135 | Bailey   | Noticed an orc high priest
  9140 | Bailey   | Noticed a sun demon
  9140 | Bailey   | Noticed a smoke demon
  9152 | Bailey   | Killed from afar by a smoke demon

Illustrated notes

Levels and vault maps discovered:
D:1:      onia_arrival_pyramid, layout_loops_cross,
          dreamdust_ecumenical_altar_drowned_temple, grunt_decor_junction
D:2:      layout_rooms
D:3:      layout_rooms, minmay_overflow_temple_star_hex
D:4:      layout_loops_ring, makhleb_heckhound_becter,
          nicolae_nh_oracle_at_delphi
D:5:      layout_basic, minmay_temple_entry_statues_fountains,
          lightli_corner_chamber
D:6:      layout_basic, gup_sewer_entry_pipe
D:7:      layout_basic, uniq_crazy_yiuf_cottage, uniq_pikel
D:8:      layout_loops_cross, dpeg_oklobed_lair, st_stairs_3
D:9:      minmay_chambers_of_sixes, layout_layer_cave, enter_bailey_4,
          uniq_prince_ribbit1
Bailey:   bailey_axe_of_yendor_kennysheep, bailey

Skill      XL: |  1  2  3  4  5  6  7  8  9 10 |
---------------+-------------------------------+-----
Armour         | 1 |  1.9
Polearms       | 2 |  2.6
Dodging        | 2 3 4 |  4.5
Translocations | 3 4 6 |  6.8
Shapeshifting  | 1 2 3 5 6 7 |  7.9
Fighting       | 3 4 5 |  5.0
Spellcasting   | 3 4 5 6 |  6.6
Unarmed Combat | 3 4 |  4.4
Throwing       | |  0.8

Action                     |  1- 3 |  4- 6 |  7- 9 | 10-12 || total
---------------------------+-------+-------+-------+-------++-------
  Melee: Spear             |   175 |    52 |       |       ||   227
         Kick              |    34 |    51 |   110 |    45 ||   240
         Short sword       |       |   155 |   269 |       ||   424
         Tailslap          |       |    15 |    54 |    20 ||    89
         Quarterstaff      |       |       |   110 |   150 ||   260
         Unarmed           |       |       |     2 |       ||     2
         Headbutt          |       |       |       |    27 ||    27
  Throw: Dart              |       |       |     9 |     5 ||    14
         Boomerang         |       |       |     6 |       ||     6
   Cast: Blink             |       |     1 |     2 |     1 ||     4
         Manifold Assault  |       |       |     3 |    10 ||    13
         Lesser Beckoning  |       |       |     1 |     4 ||     5
 Invoke: Convert to Beogh  |       |       |     1 |       ||     1
  Evoke: Wand              |       |       |     6 |     3 ||     9
    Use: Scroll            |       |     8 |     5 |     7 ||    20
         Potion            |       |     1 |     2 |     4 ||     7
   Stab: Confused          |       |       |       |     1 ||     1
 Armour: Leather armour    |    26 |       |       |       ||    26
         Ring mail         |    54 |    90 |   246 |   101 ||   491
  Dodge: Dodged            |   116 |   189 |   542 |   131 ||   978
         Repelled          |       |     1 |       |     8 ||     9
  Block: Other             |       |       |       |     9 ||     9

Table legend: (Time is in decaauts)
 A = Elapsed time spent in this place.
 B = Non-inter-level travel time spent in this place.
 C = Inter-level travel time spent in this place.
 D = Time resting spent in this place.
 E = Time spent auto-exploring this place.
 F = Levels seen in this place.
 G = Mean time per level.
                   A        B        C        D        E       F      G
               +--------+--------+--------+--------+--------+-----+--------+
         Total |   9280 |   9076 |    204 |    753 |   6109 |  11 |  843.6 |
       Dungeon |   7738 |   7534 |    204 |    465 |   5376 |   9 |  859.8 |
         Sewer |    597 |    597 |      0 |     86 |    326 |   1 |  597.0 |
        Bailey |    944 |    944 |      0 |    202 |    406 |   1 |  944.0 |
               +--------+--------+--------+--------+--------+-----+--------+

Top non-repeatable levels by time:
     D:8: 1319 daAuts
     D:5: 1292 daAuts
     D:7: 1153 daAuts
     D:4: 1141 daAuts
  Bailey: 944 daAuts
     D:1: 942 daAuts
   Sewer: 597 daAuts
     D:3: 574 daAuts
     D:6: 550 daAuts
     D:2: 510 daAuts
     D:9: 254 daAuts
